AoeStats
← 法式奶油煎餅佐奶油泥

Black Forest

509679632Analyzed
4v4 RM · 6d ago on Sep 27, 2026· 51m 38s· 8 players
Game mode
Random Map
Map size
Large (8 player)
Population
200
Speed
Normal
Resources
Standard
Victory
Conquest
Starting age
Dark Age
Ending age
Imperial Age
RankedLock teamsTeams togetherTeam positionsShared explorationLock speedFull tech treeHidden civsTurbo modeCheats
Victory
Defeat
🇪🇸 Danes · Spain
1207
+17
🇭🇰 Vietnamese · Hong Kong SAR China
1199
+17
🇵🇱 Aztecs · Poland
1187
+17
1177
+18
🇹🇼 Italians · Taiwan
1314
-21
🇷🇺 Koreans · Russia
1212
-17
🇹🇼 Danes · Taiwan
1184
-16
🇹🇼 Tupi · Taiwan
1167
-15
YKY
12:38 Feudal Age
14:00 Double-Bit Axe
16:26 Castle Age
14:48 Horse Collar
15:02 Gold Mining
16:48 Wheelbarrow
17:35 Bow Saw
18:17 Heavy Plow
18:49 Stone Mining
18:47 Loom
24:07 Wheelbarrow
26:35 Hand Cart
31:02 Imperial Age
29:17 Chatras
29:11 Fletching
29:21 Padded Archer Armor
28:56 Elite Skirmisher
29:46 Thumb Ring
29:59 Crossbowman
30:39 Bodkin Arrow
31:07 Ballistics
31:53 Leather Archer Armor
31:49 Forging
32:50 Chemistry
32:13 Husbandry
32:23 Bloodlines
31:57 Elite Skirmisher
32:40 Bracer
33:07 Siege Engineers
34:16 Scale Barding Armor
35:34 Two-Man Saw
35:17 Iron Casting
36:02 Ring Archer Armor
35:53 Chain Barding Armor
35:27 Imperial Skirmisher
37:41 Bombard Tower
37:32 Fortified Wall
37:51 Elite Battle Elephant
43:28 Plate Barding Armor
42:54 Scale Mail Armor
Jambo
0:26 Loom
13:01 Feudal Age
14:06 Double-Bit Axe
17:00 Castle Age
17:29 Horse Collar
18:02 Bow Saw
18:52 Heavy Plow
25:48 Wheelbarrow
25:25 Gold Mining
26:48 Gold Shaft Mining
27:22 Stone Mining
28:11 Hand Cart
28:21 Town Watch
31:48 Imperial Age
31:17 Ballistics
31:56 Fletching
31:54 Onager
33:56 Chemistry
33:02 Siege Engineers
33:28 Bodkin Arrow
33:25 Siege Onager
34:34 Northmen's Fury
38:21 Stone Shaft Mining
38:25 Hoardings
38:12 Conscription
37:54 Bracer
37:55 Scale Mail Armor
38:05 Forging
38:09 Masonry
38:00 Murder Holes
41:05 Iron Casting
40:45 Chain Mail Armor
41:20 Elite Jomsviking
47:38 Caravan
49:02 Man-at-Arms
49:28 Gambesons
49:29 Arson
50:15 Plate Mail Armor
50:46 Blast Furnace
50:19 Long Swordsman
51:00 Squires
51:33 Two-Handed Swordsman
法式奶油煎餅佐奶油泥
8:25 Loom
11:30 Feudal Age
14:57 Castle Age
13:30 Double-Bit Axe
13:36 Horse Collar
15:52 Bow Saw
15:49 Heavy Plow
17:19 Fletching
22:37 Wheelbarrow
22:22 Town Watch
27:48 Bodkin Arrow
36:41 Imperial Age
34:28 Hand Cart
34:37 Gold Mining
34:37 Stone Mining
34:54 Scale Mail Armor
35:04 Forging
36:24 Champi Runner
37:05 Squires
38:01 Conscription
37:08 Champi Warrior
37:53 Bracer
38:17 Elite Skirmisher
39:50 Padded Archer Armor
40:06 Chain Mail Armor
39:40 Imperial Skirmisher
41:15 Leather Archer Armor
41:21 Ballistics
41:55 Caravan
43:00 Iron Casting
42:56 Plate Mail Armor
44:32 Capped Ram
48:30 Chemistry
47:11 Treadmill Crane
47:35 Elite Champi Warrior
48:00 Arson
49:14 Ring Archer Armor
50:35 Murder Holes
50:21 Elite Blackwood Archer
51:07 Caciques
52:10 Curare
NPC
0:41 Loom
13:36 Feudal Age
13:44 Man-at-Arms
14:09 Arson
15:19 Double-Bit Axe
16:52 Horse Collar
17:42 Scale Mail Armor
23:25 Castle Age
24:17 Forging
24:07 Scale Mail Armor
23:37 Long Swordsman
24:02 Gambesons
24:17 Squires
25:47 Wheelbarrow
27:35 Iron Casting
27:16 Chain Mail Armor
27:39 Iron Casting
27:23 Chain Mail Armor
28:29 Bow Saw
28:42 Heavy Plow
31:14 Iron Casting
31:12 Hand Cart
32:04 Elite Skirmisher
34:06 Fervor
35:54 Atlatl
36:04 Fletching
36:14 Padded Archer Armor
37:37 Redemption
37:50 Sanctity
37:39 Bodkin Arrow
37:45 Town Watch
41:20 Imperial Age
39:30 Ballistics
41:35 Leather Archer Armor
42:34 Garland Wars
42:51 Bracer
43:53 Chemistry
43:24 Conscription
43:06 Imperial Skirmisher
45:08 Blast Furnace
44:38 Plate Mail Armor
44:19 Gold Mining
44:52 Block Printing
45:32 Crop Rotation
45:48 Elite Jaguar Warrior
46:18 Capped Ram
47:45 Plate Mail Armor
47:21 Siege Ram
48:27 Two-Handed Swordsman
50:36 Illumination
50:58 Theocracy
oioi55669
9:12 Loom
10:58 Feudal Age
15:11 Castle Age
13:53 Horse Collar
13:59 Double-Bit Axe
16:37 Bow Saw
21:24 Heavy Plow
24:33 Gold Mining
24:33 Stone Mining
27:02 Wheelbarrow
29:58 Imperial Age
28:51 Stone Shaft Mining
28:46 Gambesons
29:01 Squires
28:47 Arson
29:25 Forging
29:15 Scale Mail Armor
29:25 Forging
29:15 Scale Mail Armor
30:42 Iron Casting
30:23 Elite Varangian Guard
30:30 Onager
32:06 Conscription
32:43 Gold Shaft Mining
31:33 Pikeman
32:22 Northmen's Fury
34:09 Blast Furnace
33:24 Chain Mail Armor
32:51 Halberdier
34:04 Siege Onager
35:52 Siege Engineers
37:38 Caravan
39:37 Ballistics
40:17 Chemistry
只會5TC
5:25 Loom
9:13 Feudal Age
16:16 Castle Age
14:13 Double-Bit Axe
14:46 Horse Collar
21:29 Wheelbarrow
28:16 Imperial Age
26:17 Hand Cart
26:16 Bow Saw
26:01 Gold Mining
26:12 Heavy Plow
26:36 Champi Runner
29:04 Gold Shaft Mining
28:32 Scale Mail Armor
28:42 Forging
28:40 Squires
28:39 Arson
30:29 Elite Ibirapema Warrior
31:26 Chain Mail Armor
31:48 Iron Casting
32:02 Heavy Scorpion
34:28 Champi Runner
35:14 Capped Ram
36:44 Siege Ram
42:50 Plate Mail Armor
44:02 Champi Warrior
45:25 Pikeman
47:24 Elite Champi Warrior
古特
0:44 Loom
12:51 Feudal Age
17:25 Castle Age
25:58 Imperial Age
24:43 Fletching
25:47 Bodkin Arrow
44:05 Chemistry
CivitasDei
0:40 Loom
15:56 Feudal Age
22:23 Castle Age
20:50 Fletching
20:56 Double-Bit Axe
21:02 Horse Collar
23:15 Wheelbarrow
23:23 Squires
23:51 Crossbowman
34:40 Imperial Age
33:07 Fletching
34:56 Bow Saw
35:50 Conscription
37:21 Chemistry
36:31 Thumb Ring
37:53 Ballistics
38:12 Hand Cart
37:43 Town Watch
38:59 Gold Mining
40:17 Siege Engineers
39:58 Arbalester
43:16 Caravan
48:00 Pikeman
49:43 Halberdier
Connection lost

Rejoining the realm…

Still unreachable

The connection could not be restored.

Session expired

The server has moved on; the page needs a fresh start.